 Dungeon Crawl Stone Soup version 0.30-a0-596-g0af90f9a20 (webtiles) character file.

Game seed: 4086182137358541106

147 Newt the Sneak (level 5, 0/38 HPs)
             Began as a Demonspawn Gladiator on Jan 6, 2023.
             Slain by an adder (2 damage)
             ... in a sewer.
             The game lasted 00:04:47 (2342 turns).

Newt the Sneak (Demonspawn Gladiator)               Turns: 2342, Time: 00:04:48

Health: 0/38       AC:  4    Str: 14    XL:     5   Next: 7%
Magic:  5/5        EV: 13    Int: 10    God:
Gold:   119        SH:  0    Dex: 18    Spells: 4/4 levels left

rFire   . . .      SeeInvis .    p - +2 dagger (elec)
rCold   . . .      Faith    .    (no shield)
rNeg    . . .      Spirit   .    b - +0 leather armour
rPois   .          Reflect  .    c - +0 helmet
rElec   .          Harm     +    l - scarf {harm}
rCorr   .          Rampage  .    (no gloves)
Will    .....                    (no boots)
Stlth   ++                       (no amulet)
HPRegen 0.26/turn                (no ring)
MPRegen 0.09/turn                (no ring)

@: mighty, lethally poisoned (0 -> -4), very slow
A: thin skeletal structure 1, foul stench 1
a: no special abilities


You were in a sewer.
You visited 1 branch of the dungeon, and saw 3 of its levels.
You also visited: Sewer.

You collected 119 gold pieces.

Inventory:

Hand Weapons
 a - a +0 rapier
 e - a +2 short sword of draining
 g - a +2 dagger of protection
 p - a +2 dagger of electrocution (weapon)
Missiles
 m - a poisoned dart (quivered)
Armour
 b - a +0 leather armour (worn)
 c - a +0 helmet (worn)
 l - a scarf of harm (worn)
Scrolls
 j - 2 scrolls of identify
 n - a scroll of fog
Potions
 h - a potion of invisibility {unknown}
 i - a potion of might
 k - a potion of attraction {unknown}
 o - a potion of berserk rage {unknown}
 q - a potion of lignification {unknown}


   Skills:
 - Level 2.0 Fighting
 - Level 2.6 Short Blades
 - Level 1.7 Throwing
 + Level 3.6 Dodging
 - Level 4.0 Stealth


You had 4 spell levels left.
You didn't know any spells.
Your spell library contained the following spells:

 Spells                   Type           Power      Damage    Failure   Level
 Static Discharge         Conj/Air       0%         2-2/arc   58%         2
 Vhi's Electric Charge    Tloc/Air       0%         N/A       82%         3
 Arcjolt                  Conj/Air       0%         1d10      100%        5
 Lightning Bolt           Conj/Air       0%         1d11      100%        5


Dungeon Overview and Level Annotations

Branches:
Dungeon (3/15)              Sewer (1/1)

Altars:
Gozag


Innate Abilities, Weirdness & Mutations

You have a somewhat thin skeletal structure. (Dex +2, Stealth+)
You may rarely emit foul miasma when damaged in melee.


Message History

Throw: 2 throwing nets
Press: ? - help, Q - select action, (/) - cycle Shift-Dir - straight line, f/p - adder
Aim: an adder (lightly wounded, 44% to hit)
You throw a throwing net. The throwing net hits the adder.
The adder is caught in the net!
The adder is lightly wounded.
You hear a splash.
You feel sick.
The adder struggles against the net.
You hit the adder.
The adder is moderately wounded.
You feel sick.
The adder struggles against the net. x2
You hit the adder.
The adder is almost dead.
You feel sick.
The adder struggles against the net. x2
The net rips apart, and the adder comes free!
You hit the adder but do no damage.
The adder is almost dead.
You feel sick. The adder bites you.
* * * LOW HITPOINT WARNING * * *
You are lethally poisoned!
The adder poisons you!
Throw: throwing net
Press: ? - help, Q - select action, (/) - cycle Shift-Dir - straight line, f/p - adder
Aim: an adder (almost dead, 44% to hit)
You throw a throwing net. The throwing net hits the adder.
The adder is caught in the net!
The adder is almost dead.
You hear a splash.
* * * LOW HITPOINT WARNING * * *
You feel sick.
The adder struggles against the net. x2
You barely miss the adder.
The adder is almost dead.
* * * LOW HITPOINT WARNING * * *
You feel sick.
The adder struggles against the net. x2
The net rips apart, and the adder comes free!
It was a potion of might.
You feel very mighty all of a sudden.
* * * LOW HITPOINT WARNING * * *
You feel sick. The adder closely misses you. The adder bites you.
You die...

##################
.....~S@~.~~~~...#
############~~~~.#
#~~≈~.# #~≈≈~.#
#.~≈~.# #~≈≈~†#
#≈≈≈~.# ≈##≈≈≈~~#
≈≈#≈≈≈~†#


You could see an adder.

Vanquished Creatures
  Robin (D:3)
  6 adders
  A worm (D:3)
  A dart slug (D:2)
  5 ball pythons
  6 endoplasms
  6 giant cockroaches
  11 goblins
  6 hobgoblins
  6 jackals (D:1)
  2 quokkas (Sewer)
  5 bats
  6 frilled lizards
  7 kobolds
  3 rats (D:1)
72 creatures vanquished.

Vanquished Creatures (others)
  An adder (D:2)
  A plant (D:3)
2 creatures vanquished.

Grand Total: 74 creatures vanquished

Notes
Turn   | Place    | Note
-------+----------+-------------------------------------------
     0 | D:1      | Newt the Demonspawn Gladiator began the quest for the Orb.
     0 | D:1      | Reached XP level 1. HP: 16/16 MP: 1/1
   135 | D:1      | Reached skill level 1 in Stealth
   196 | D:1      | Gained mutation: You have a somewhat thin skeletal
                  | structure. (Dex +2, Stealth+) [demonic ancestry]
   196 | D:1      | Reached XP level 2. HP: 6/22 MP: 2/2
   404 | D:1      | Reached skill level 2 in Stealth
   688 | D:1      | Gained mutation: You may rarely emit foul miasma when
                  | damaged in melee. [demonic ancestry]
   688 | D:1      | Reached XP level 3. HP: 22/27 MP: 3/3
   997 | D:2      | Reached skill level 3 in Stealth
  1261 | D:2      | Found a faded altar of an unknown god.
  1266 | D:2      | Found an opulent altar of Gozag.
  1472 | D:3      | Noticed Robin
  1483 | D:3      | Reached XP level 4. HP: 32/33 MP: 4/4
  1714 | D:3      | Killed Robin
  1715 | D:3      | Reached skill level 4 in Stealth
  1811 | D:3      | Found a glowing drain.
  1854 | Sewer    | Entered a sewer
  2213 | Sewer    | Reached XP level 5. HP: 16/38 MP: 5/5
  2342 | Sewer    | Slain by an adder

Illustrated notes

Levels and vault maps discovered:
D:1:      evilmike_arrival_grusome_pit, layout_loops_ring, serial_glass,
          glass_columns_c, glass_columns_b, feat_on_display
D:2:      layout_rooms, ebering_ecumenical_altar_ruins, basic_altar,
          lemuel_flame_loot_1
D:3:      layout_basic, gup_sewer_entry_glass, serial_bayou,
          serial_bayou_pond_a, serial_bayou_ford_a, serial_bayou_pond_a,
          serial_bayou_pond_e, eino_tiny_chamber, uniq_robin
Sewer:    sewer_frog_island_01

Skill      XL: |  1  2  3  4 |
---------------+-------------+-----
Stealth        | 1 2 3 4 |  4.0
Dodging        | 3 |  3.6
Fighting       | |  2.0
Short Blades   | |  2.6
Throwing       | |  1.7

Action                   |  1- 3 |  4- 6 || total
-------------------------+-------+-------++-------
Melee: Short sword       |    78 |       ||    78
       Rapier            |    17 |       ||    17
       Punch             |     1 |     1 ||     2
       Dagger            |     7 |    88 ||    95
Throw: Javelin           |     1 |     1 ||     2
       Dart              |    11 |       ||    11
       Throwing net      |       |     4 ||     4
  Use: Scroll            |     3 |       ||     3
       Potion            |     1 |     3 ||     4
 Stab: Sleeping          |     4 |     6 ||    10
       Distracted        |     1 |       ||     1
       Held in net/web   |       |     1 ||     1
Armor: Leather armour    |    44 |    33 ||    77
Dodge: Dodged            |    86 |    82 ||   168

Table legend: (Time is in decaauts)
 A = Elapsed time spent in this place.
 B = Non-inter-level travel time spent in this place.
 C = Inter-level travel time spent in this place.
 D = Time resting spent in this place.
 E = Time spent auto-exploring this place.
 F = Levels seen in this place.
 G = Mean time per level.
                   A        B        C        D        E       F      G
               +--------+--------+--------+--------+--------+-----+--------+
         Total |   2343 |   2277 |     66 |    681 |   1004 |   4 |  585.8 |
       Dungeon |   1839 |   1773 |     66 |    337 |    958 |   3 |  613.0 |
         Sewer |    503 |    503 |      0 |    344 |     46 |   1 |  503.0 |
               +--------+--------+--------+--------+--------+-----+--------+

Top non-repeatable levels by time:
     D:1: 986 daAuts
     D:2: 626 daAuts
   Sewer: 503 daAuts
     D:3: 227 daAuts
